 Dungeon Crawl Stone Soup version 0.28-a0-691-gad6df49e81 (webtiles) character file.

Game seed: 13131427540469945048

58 BlueGoblin the Vexing (level 3, 0/16 HPs)
             Began as a Spriggan Enchanter on Oct 21, 2021.
             Killed from afar by Natasha (6 damage)
             ... with a magic dart
             ... on level 2 of the Dungeon.
             The game lasted 00:02:43 (2014 turns).

BlueGoblin the Vexing (Spriggan Enchanter)          Turns: 2014, Time: 00:02:44

Health: 0/16       AC:  2    Str:  4    XL:     3   Next: 75%
Magic:  7/8        EV: 17    Int: 17    God:
Gold:   101        SH:  0    Dex: 15    Spells: 6/8 levels left

rFire   . . .      SeeInvis +   g - +2 dagger (speed)
rCold   . . .      Faith    .   (shield restricted)
rNeg    . . .      Spirit   .   b - +0 robe
rPois   .          Reflect  .   (helmet restricted)
rElec   .          Harm     .   (no cloak)
rCorr   .          Rampage  .   (gloves unavailable)
Will    .....                   (boots unavailable)
Stlth   +++.......              (no amulet)
HPRegen 0.05/turn               (no ring)
MPRegen 0.11/turn               (no ring)

@: very slightly contaminated, slowed, invisible (expiring), quick
A: very small, no large weapons, unfitting armour, see invisible, speed 3
a: no special abilities


You were on level 2 of the Dungeon.
You visited 1 branch of the dungeon, and saw 2 of its levels.

You collected 101 gold pieces.

Inventory:

Hand Weapons
 a - a +1 dagger
 g - a +2 dagger of speed (weapon)
Missiles
 f - 6 atropa-tipped darts
Armour
 b - a +0 robe (worn)
Scrolls
 d - a scroll of amnesia {unknown}
 e - a scroll of enchant weapon {unknown}
 h - 3 scrolls of fear {unknown}
 j - a scroll of noise {unknown}
Potions
 i - a potion of magic {unknown}
 k - a potion of curing {unknown}


   Skills:
 - Level 1.1 Short Blades
 + Level 3.3 Dodging
 - Level 4.4 Stealth
 + Level 3.4 Spellcasting
 + Level 4.9 Hexes


You had 6 spell levels left.
You knew the following spells:

 Your Spells              Type           Power      Damage    Failure   Level
a - Ensorcelled Hibernat  Hex/Ice        22%        N/A       9%          2

Your spell library contained the following spells:

 Spells                   Type           Power      Damage    Failure   Level
 Confusing Touch          Hex            19%        N/A       6%          3
 Tukima's Dance           Hex            19%        N/A       6%          3
 Dazzling Flash           Conj/Hex       22%        N/A       19%         3


Dungeon Overview and Level Annotations

Branches:
Dungeon (2/15)

Altars:

Annotations:
D:2 Natasha


Innate Abilities, Weirdness & Mutations

You are very small and have problems with some larger weapons.
You are too small for most types of armour.
You have supernaturally acute eyesight. (SInv)
You cover ground extremely quickly. (Speed+++)


Message History

You closely miss Natasha. Natasha casts a spell at you.
The magic dart hits you!
Ouch! That really hurt!
You hit Natasha.
Natasha is moderately wounded.
The quokka barely misses you.
You closely miss Natasha.
Natasha is moderately wounded.
Natasha mumbles some strange words.
You hit Natasha but do no damage.
Natasha is moderately wounded.
The quokka completely misses you.
You hit Natasha but do no damage.
Natasha is moderately wounded.
Natasha wildly gestures.
You feel troubled. Natasha casts a spell at you.
You feel yourself slow down. The quokka closely misses you.
You fade into invisibility!
The quokka misses you. Natasha barely misses you. The rat barely misses you.
The quokka completely misses you.
Natasha stares at you and mumbles some strange words.
You resist with some effort.
You are very lightly contaminated with residual magic.
You hit the quokka.
The quokka is heavily wounded.
The rat misses you. The quokka bites you. Natasha barely misses you.
You hit the quokka.
The quokka is almost dead.
The quokka closely misses you. Natasha barely misses you.
You hit the quokka.
You kill the quokka!
The rat misses you. Natasha misses you.
You flicker for a moment.
Natasha stares at you and mumbles some strange words.
You feel as though you will be slow longer.
Natasha casts a spell at you. The magic dart hits you.
You die...

#.#.#)..#...# #.#.
#.#.#.......######...
#....................
####..###.....##########
##......##.....##
#....h..........#
#..###..........#
#...5†.#............#
#....r###.##@##.....#
#...... #.##.##.....#
........ #.##.##.....#
###......##.....#..|..##
#......###...........#
......## #...........#
#...........#
#...........#
#.....>.....#


You could see Natasha.

Vanquished Creatures
  2 adders (D:2)
  A worm (D:2)
  2 dart slugs (D:1)
  2 ball pythons
  A giant cockroach (D:1)
  A goblin (D:1)
  3 hobgoblins
  4 quokkas
  6 bats
  2 frilled lizards (D:1)
  7 kobolds
  4 rats
35 creatures vanquished.

Notes
Turn   | Place    | Note
-------+----------+-------------------------------------------
     0 | D:1      | BlueGoblin the Spriggan Enchanter began the quest for the
                  | Orb.
     0 | D:1      | Reached XP level 1. HP: 9/9 MP: 5/5
   343 | D:1      | Reached XP level 2. HP: 13/13 MP: 6/6
  1063 | D:1      | Learned a level 2 spell: Ensorcelled Hibernation
  1343 | D:2      | Reached XP level 3. HP: 16/16 MP: 5/8
  1957 | D:2      | Found a faded altar of an unknown god.
  1992 | D:2      | Noticed Natasha
  2014 | D:2      | Killed from afar by Natasha

Illustrated notes

Levels and vault maps discovered:
D:1:      dpeg_arrival_fog, layout_loops_ring,
          amcnicky_mini_rare_corridor_liquid,
          wander_ebering_terrifying_dragon_lair
D:2:      layout_basic, basic_altar, chequers_ecumenical_altar_simple,
          uniq_natasha, uniq_crazy_yiuf_cottage

Skill      XL: |  1  2 |
---------------+-------+-----
Hexes          | 4 |  4.9
Spellcasting   | 3 |  3.4
Dodging        | 3 |  3.3
Short Blades   | |  1.1
Stealth        | |  4.4

Action                   || total
-------------------------++-------
Melee: Dagger            ||   121
 Cast: Ensorcelled Hiber ||    14
  Use: Potion            ||     1
 Stab: Sleeping          ||    19
Armor: Robe              ||    10
Dodge: Dodged            ||    74

Table legend: (Time is in decaauts)
 A = Elapsed time spent in this place.
 B = Non-inter-level travel time spent in this place.
 C = Inter-level travel time spent in this place.
 D = Time resting spent in this place.
 E = Time spent auto-exploring this place.
 F = Levels seen in this place.
 G = Mean time per level.
                   A        B        C        D        E       F      G
               +--------+--------+--------+--------+--------+-----+--------+
         Total |   1522 |   1439 |     83 |      0 |   1177 |   2 |  761.0 |
       Dungeon |   1522 |   1439 |     83 |      0 |   1177 |   2 |  761.0 |
               +--------+--------+--------+--------+--------+-----+--------+

Top non-repeatable levels by time:
     D:1: 877 daAuts
     D:2: 644 daAuts
